 Dungeon Crawl Stone Soup version 0.30.1-11-g7821555f0a (webtiles) character file.

Game seed: 18055695398561515199

3476 bnorton916 the Thaumaturge (level 9, -4/45 HPs)
             Began as a Deep Elf Conjurer on Dec 27, 2023.
             Was an Initiate of Gozag.
             Engulfed by a steam dragon's steam (8 damage)
             ... on level 8 of the Dungeon.
             The game lasted 00:16:21 (9873 turns).

bnorton916 the Thaumaturge (Deep Elf Conjurer)      Turns: 9873, Time: 00:16:22

Health: -4/45      AC:  6    Str:  6    XL:     9   Next: 79%
Magic:  10/25      EV: 12    Int: 29    God:    Gozag
Gold:   1127       SH:  0    Dex: 16    Spells: 13/29 levels left

rFire   . . .        B - +6 dagger "Rafug" {chaos, Will+ Int+3 Dex+3}
rCold   . . .        (no shield)
rNeg    . . .        a - +0 robe
rPois   .            (no helmet)
rElec   .            A - +2 cloak
rCorr   .            x - +0 pair of gloves
SInv    .            (no boots)
Will    +....        (no amulet)
Stlth   ++           (no ring)
HPRegen 0.27/turn    (no ring)
MPRegen 0.19/turn

%: no passive effects
@: no status effects
A: no striking features
a: Renounce Religion, Potion Petition, Call Merchant, Bribe Branch


You were on level 8 of the Dungeon.
You worshipped Gozag.
Gozag was most pleased with you.
You visited 1 branch of the dungeon, and saw 8 of its levels.
You also visited: Ossuary.

You collected 1340 gold pieces.
You spent 181 gold pieces at shops.
You paid 32 gold pieces to Gozag.

Inventory:

Hand Weapons
 f - a +3 short sword
 m - a +2 dagger of venom
 B - the +6 dagger "Rafug" (weapon) {chaos, Will+ Int+3 Dex+3}
   (You found it on level 2 of the Dungeon)

   Int:       It affects your intelligence (+3).
   Dex:       It affects your dexterity (+3).
   Will:      It increases your willpower.
Missiles
 d - 4 curare-tipped darts (quivered)
Armour
 a - a +0 robe (worn)
 x - a +0 pair of gloves (worn)
 A - a +2 cloak (worn)
Magical Staves
 v - a staff of poison
 I - a staff of death
Jewellery
 e - a ring of resist corrosion
 u - an amulet of guardian spirit
Wands
 j - a wand of roots (2)
 r - a wand of mindburst (12)
 C - a wand of quicksilver (6)
Scrolls
 c - 5 scrolls of teleportation
 g - a scroll of brand weapon
 i - 2 scrolls of fog
 o - 3 scrolls of vulnerability
 p - 2 scrolls of magic mapping
 t - 2 scrolls of amnesia
 w - a scroll of torment
 y - 2 scrolls of noise {unknown}
 z - 4 scrolls of fear
 D - 5 scrolls of blinking
 E - a scroll of enchant armour {unknown}
 F - 2 scrolls of immolation {unknown}
Potions
 b - a potion of magic
 h - 4 potions of haste
 k - 5 potions of heal wounds
 l - 6 potions of attraction
 n - 7 potions of curing
 q - a potion of cancellation {unknown}
 s - a potion of resistance {unknown}
 G - a potion of might {unknown}
 H - a potion of degeneration {unknown}
 J - 2 potions of flight {unknown}
 K - a potion of brilliance {unknown}


   Skills:
 - Level 2.4 Dodging
 - Level 2.4 Stealth
 + Level 10.5 Spellcasting
 + Level 9.5 Conjurations
 - Level 6.7 Hexes
 - Level 5.5 Translocations
 + Level 5.0 Fire Magic


You had 13 spell levels left.
You knew the following spells:

 Your Spells              Type           Power      Damage    Failure   Level
a - Magic Dart            Conj           100%       1d8       1%          1
b - Searing Ray           Conj           100%       2d8       1%          2
c - Fulminant Prism       Conj/Hex       29%        3d14      1%          4
d - Iskenderun's Mystic   Conj/Tloc      56%        2d12      1%          4
e - Fireball              Conj/Fire      27%        3d12      4%          5

Your spell library contained the following spells:

 Spells                   Type           Power      Damage    Failure   Level
 Foxfire                  Conj/Fire      100%       2x1d9     1%          1
 Ensorcelled Hibernation  Hex/Ice        68%        N/A       1%          2
 Dazzling Flash           Conj/Hex       100%       N/A       1%          3
 Vhi's Electric Charge    Tloc/Air       62%        N/A       3%          3
 Manifold Assault         Tloc           47%        N/A       3%          4
 Anguish                  Hex/Necr       17%        N/A       9%          4
 Spider Form              Tmut/Pois      15%        N/A       11%         3
 Arcjolt                  Conj/Air       21%        1d31      14%         5
 Starburst                Conj/Fire      27%        6d9       26%         6
 Dispersal                Tloc           23%        N/A       50%         6
 Plasma Beam              Fire/Air       14%        2x1d28    89%         6
 Disjunction              Tloc           23%        N/A       100%        8


Dungeon Overview and Level Annotations

Branches:
Dungeon (8/15)             Temple (0/1) D:4         Ossuary (visited)
   Lair: D:8-11

Altars:
Ashenzari
Cheibriados
Gozag
Hepliaklqana
Makhleb
Qazlal
Vehumet
Yredelemnul
Zin

Shops:
D:2 *   D:5 *


Message History

A fulminant prism comes into view.
Unknown command.
Your fulminant prism crackles loudly.
The wight hits you from afar with a +4 trident!
Your fulminant prism explodes!
The blast of energy engulfs the two-headed ogre!!
The two-headed ogre is almost dead.
Casting: Fulminant Prism (dangerous; 1% risk of failure)
Confirm with . or Enter, or press ? or * to list all spells.
You erupt in a blast of force!
The mystic blast hits the wight.
The wight is lightly damaged.
The wight is knocked back by the mystic blast.
Unknown command.
A steam dragon comes into view.
Casting: Iskenderun's Mystic Blast (dangerous; 1% risk of failure)
Confirm with . or Enter, or press ? or * to list all spells.
Aiming: Fulminant Prism (dangerous; 1% risk of failure)
Press: ? - help, Dir - move target You conjure a prism of explosive energy!
The steam dragon hisses angrily.
A fulminant prism comes into view.
Unknown command.
The two-headed ogre hits your fulminant prism with a +0 giant spiked club!
The two-headed ogre hits your fulminant prism with a +0 giant club!!
Your fulminant prism detonates feebly.
The steam dragon breathes steam at you. The ball of steam hits you!
Unknown command.
The steam dragon breathes steam at you. The ball of steam hits you!
* * * LOW HITPOINT WARNING * * *
Unknown command.
The steam dragon breathes steam at you. The ball of steam hits you!
* * * LOW HITPOINT WARNING * * *
There is a stone staircase leading down here.
Unknown command.
You are engulfed in a cloud of scalding steam.
You die...
Your body crumbles into a pile of gold.

,............#####.......#...###.
,..........................#..[..
,.....................§...###....
,.........................# #....
,....##.........##......#.###....
*###.#..##......##D######........
#,#.#*#......##§##.....##....# **
*...* #.......§.##.###.##....# ,*
#..#* #......@####.#.........# ,*
#..* #######§# #.#.#.###...# ,*
*,,* #.# #.#.#.# #...# +***,,*
#.# #.#.#.# #...# ,,,+,,*
#.####.#.#.# ##### +***,**
#......#.#.# ,* *,* ########.#.#
,* *,* #.#.# ,* *,* *,*,*


There were no monsters in sight!

Vanquished Creatures
  Pikel (D:4)
  Joseph (D:8)
  Sigmund (D:3)
  2 sky beasts (D:7)
  A black bear (D:4)
  An ogre (D:4)
  A phantom (D:6)
  2 lemures (D:4)
  A kobold brigand (D:7)
  2 bullfrogs (D:8)
  4 scorpions
  7 wights
  4 killer bees (D:7)
  A crimson imp (D:7)
  6 howler monkeys
  5 hounds
  2 jellies
  2 orc priests
  A gnoll bouda (D:7)
  4 iguanas
  2 sleepcaps
  Terence (D:3)
  2 orc wizards (D:6)
  8 mummies (Ossuary)
  7 adders
  2 shadow imps (D:7)
  2 white imps
  2 ufetubi
  A worm (D:2)
  4 dart slugs
  18 orcs
  6 endoplasms
  5 giant cockroaches
  A gnoll zombie (Ossuary)
  5 goblins
  10 hobgoblins
  11 kobolds
  4 quokkas
  5 ball pythons
  6 bats
  3 frilled lizards
  A hobgoblin zombie (Ossuary)
  5 kobold zombies (Ossuary)
  An orc zombie (Ossuary)
  5 rats
166 creatures vanquished.

Vanquished Creatures (others)
  24 fulminant prisms
24 creatures vanquished.

Grand Total: 190 creatures vanquished

Notes
Turn   | Place    | Note
-------+----------+-------------------------------------------
     0 | D:1      | bnorton916 the Deep Elf Conjurer began the quest for the
                  | Orb.
     0 | D:1      | Reached XP level 1. HP: 10/10 MP: 6/6
   129 | D:1      | Reached XP level 2. HP: 15/15 MP: 2/8
   441 | D:1      | Learned a level 2 spell: Searing Ray
  1033 | D:2      | Reached skill level 4 in Spellcasting
  1105 | D:2      | Reached skill level 5 in Conjurations
  1105 | D:2      | Reached XP level 3. HP: 19/19 MP: 8/10
  1159 | D:2      | Identified the +6 dagger "Rafug" {chaos, Will+ Int+3 Dex+3}
  1285 | D:2      | Reached XP level 4. HP: 23/24 MP: 6/12
  1290 | D:2      | Learned a level 4 spell: Fulminant Prism
  1295 | D:2      | Learned a level 4 spell: Iskenderun's Mystic Blast
  1557 | D:2      | Found Tonapt's Assorted Antiques.
  2185 | D:3      | Reached skill level 1 in Hexes
  2255 | D:3      | Found an opulent altar of Gozag.
  2310 | D:3      | Became a worshipper of Gozag Ym Sagoz the Greedy
  2340 | D:3      | Noticed Terence
  2350 | D:3      | Killed Terence
  2351 | D:3      | Reached skill level 5 in Spellcasting
  2351 | D:3      | Reached skill level 1 in Translocations
  2462 | D:3      | Noticed Sigmund
  2537 | D:3      | Found a basalt altar of Yredelemnul.
  2679 | D:3      | Reached XP level 5. HP: 28/28 MP: 12/14
  3234 | D:4      | Noticed a black bear
  3443 | D:3      | Killed Sigmund
  3444 | D:3      | Reached XP level 6. HP: 21/32 MP: 1/16
  3653 | D:4      | Reached skill level 6 in Spellcasting
  3671 | D:4      | Reached XP level 7. HP: 36/36 MP: 3/18
  4196 | D:4      | Found a staircase to the Ecumenical Temple.
  4458 | D:4      | Found a snail-covered altar of Cheibriados.
  4489 | D:4      | Found a glowing silver altar of Zin.
  4492 | D:4      | Found a radiant altar of Vehumet.
  4492 | D:4      | Noticed Pikel
  4759 | D:4      | Killed Pikel
  4760 | D:4      | Reached skill level 7 in Spellcasting
  4760 | D:4      | Reached skill level 5 in Hexes
  4760 | D:4      | Reached XP level 8. HP: 21/41 MP: 2/21
  4927 | D:4      | Found a hazy altar of Hepliaklqana.
  4960 | D:5      | Entered Level 5 of the Dungeon
  5230 | D:5      | Found a broken altar of Ashenzari.
  5409 | D:5      | Reached skill level 5 in Translocations
  5568 | D:5      | Found Odwoineh's Neck Hole.
  5576 | D:5      | Bought a +2 cloak for 181 gold pieces
  6184 | D:6      | Found a burning altar of Makhleb.
  6253 | D:6      | Reached skill level 8 in Spellcasting
  7148 | D:6      | Learned a level 5 spell: Fireball
  7252 | D:7      | Reached skill level 1 in Fire Magic
  7290 | D:7      | Reached XP level 9. HP: 45/45 MP: 3/23
  7608 | D:7      | Found a stormy altar of Qazlal.
  8012 | D:7      | Reached skill level 9 in Spellcasting
  8776 | D:8      | Found a sand-covered staircase.
  8784 | Ossuary  | Entered an ossuary
  9331 | D:8      | Noticed Joseph
  9363 | D:8      | Killed Joseph
  9364 | D:8      | Reached skill level 10 in Spellcasting
  9771 | D:8      | Reached skill level 5 in Fire Magic
  9845 | D:8      | Noticed a two-headed ogre
  9873 | D:8      | Engulfed by a steam dragon's steam

Illustrated notes

Levels and vault maps discovered:
D:1:      roderic_crop_circles_arrival_small, layout_basic
D:2:      minmay_inner_zag, layout_loops_ring, serial_shops, shop
D:3:      layout_basic, yredelemnul_altar_generic, lemuel_tele_altar,
          uniq_terence, uniq_sigmund
D:4:      layout_rooms, grunt_temple_overflow_cloverleaf,
          minmay_temple_entry_offerings, bh_walls_and_bars, uniq_pikel
D:5:      layout_loops_ring, mainiacjoe_overflow_concentric_impassable,
          hangedman_abyss_or_decor_stagger, dk_noncrumbling_4, chequers_jeans,
          nicolae_shop_sticking_my_neck_out
D:6:      layout_basic, mainiacjoe_overflow_boulevard, nrook_campfire
D:7:      minmay_octagon_keep, layout_loops_ring,
          mainiacjoe_overflow_cross_hatched, minmay_fire_ice_demons
D:8:      layout_basic, enter_ossuary_2, minmay_door_square, uniq_joseph

Skill      XL: |  1  2  3  4  5  6  7  8  9 |
---------------+----------------------------+-----
Spellcasting   | 4 5 6 7 8 10 | 10.5
Conjurations   | 5 6 7 8 9 |  9.5
Hexes          | 1 3 5 6 |  6.7
Translocations | 1 2 3 4 5 |  5.5
Fire Magic     | 1 5 |  5.0
Dodging        | |  2.4
Stealth        | |  2.4

Action                     |  1- 3 |  4- 6 |  7- 9 || total
---------------------------+-------+-------+-------++-------
  Melee: Unarmed           |     3 |       |       ||     3
         Short sword       |       |     2 |       ||     2
         Dagger            |       |       |     8 ||     8
         Punch             |       |       |     1 ||     1
  Throw: Dart              |       |       |     4 ||     4
   Cast: Magic Dart        |    61 |    74 |   111 ||   246
         Searing Ray       |     2 |    12 |    38 ||    52
         Fulminant Prism   |       |     2 |    22 ||    24
         Iskenderun's Myst |       |       |    12 ||    12
         Fireball          |       |       |     1 ||     1
  Evoke: Wand              |       |       |     3 ||     3
    Use: Scroll            |       |       |    13 ||    13
         Potion            |       |       |     4 ||     4
   Stab: Confused          |       |       |     1 ||     1
 Armour: Robe              |     1 |       |     9 ||    10
  Dodge: Dodged            |     4 |    10 |    15 ||    29
